 Dungeon Crawl Stone Soup version 0.30.1-4-g462c640d31 (webtiles) character file.

Game seed: 366539011505640461

277 euginnn the Covert (level 6, -3/29 HPs)
             Began as a Spriggan Enchanter on Sept 15, 2023.
             Slain by a white imp (5 damage)
             ... on level 4 of the Dungeon.
             The game lasted 00:12:43 (3423 turns).

euginnn the Covert (Spriggan Enchanter)             Turns: 3423, Time: 00:12:43

Health: -3/29      AC:  2    Str:  4    XL:     6   Next: 4%
Magic:  8/11       EV: 17    Int: 16    God:
Gold:   176        SH:  0    Dex: 18    Spells: 5/10 levels left

rFire   . . .        v - +2 dagger (venom)
rCold   . . .        (no shield)
rNeg    . . .        b - +0 robe
rPois   .            (helmet restricted)
rElec   .            (no cloak)
rCorr   .            (gloves unavailable)
SInv    +            (boots unavailable)
Will    +....        (no amulet)
Stlth   ++++         (no ring)
HPRegen 0.24/turn    (no ring)
MPRegen 0.12/turn

%: no passive effects
@: very quick
A: very small, no large weapons, unfitting armour, see invisible, speed 3
a: no special abilities


You were on level 4 of the Dungeon.
You visited 1 branch of the dungeon, and saw 4 of its levels.

You collected 176 gold pieces.

Inventory:

Hand Weapons
 a - a +1 dagger
 l - a +1 dagger of venom
 u - a +1 dagger of holy wrath
 v - a +2 dagger of venom (weapon)
Missiles
 j - 11 boomerangs (quivered)
 m - 19 stones
Armour
 b - a +0 robe (worn)
Jewellery
 f - a ring of fire
 p - an amulet of reflection
 y - a ring of flight
Scrolls
 e - a scroll of noise {unknown}
 g - a scroll of fog
 h - 2 scrolls of blinking
 n - 2 scrolls of enchant weapon {unknown}
 q - 2 scrolls of vulnerability {unknown}
 r - a scroll of immolation {unknown}
 t - a scroll of acquirement {unknown}
 x - 2 scrolls of teleportation
Potions
 c - 2 potions of invisibility
 d - a potion of cancellation {unknown}
 i - 4 potions of attraction {unknown}
 k - 2 potions of haste {unknown}
 o - 3 potions of might {unknown}
 s - 2 potions of curing {unknown}
 w - a potion of berserk rage {unknown}
 z - a potion of flight {unknown}
 A - a potion of lignification {unknown}


   Skills:
 - Level 0.3 Fighting
 + Level 2.9 Short Blades
 + Level 0.4 Throwing
 - Level 2.6 Dodging
 + Level 9.1 Stealth
 * Level 2.9 Spellcasting
 + Level 3.6 Hexes
 + Level 0.6 Ice Magic


You had 5 spell levels left.
You knew the following spells:

 Your Spells              Type           Power      Damage    Failure   Level
a - Ensorcelled Hibernat  Hex/Ice        18%        N/A       12%         2
b - Confusing Touch       Hex            14%        N/A       13%         3

Your spell library contained the following spells:

 Spells                   Type           Power      Damage    Failure   Level
 Tukima's Dance           Hex            14%        N/A       13%         3
 Freeze                   Ice            16%        1d4       14%         1
 Dazzling Flash           Conj/Hex       16%        N/A       26%         3
 Inner Flame              Hex/Fire       8%         N/A       26%         3
 Frozen Ramparts          Ice            8%         1d2       41%         3
 Hailstorm                Conj/Ice       3%         3d3       45%         3
 Gell's Gravitas          Tloc           2%         N/A       50%         3
 Spider Form              Tmut/Pois      2%         N/A       50%         3
 Teleport Other           Tloc           2%         N/A       50%         3
 Anguish                  Hex/Necr       4%         N/A       65%         4
 Yara's Violent Unravell  Hex/Tmut       4%         3d4       94%         5
 Dispersal                Tloc           1%         N/A       100%        6
 Enfeeble                 Hex            7%         N/A       100%        7


Dungeon Overview and Level Annotations

Branches:
Dungeon (4/15)
 Temple: D:4-7

Altars:
Cheibriados
Elyvilon
Hepliaklqana
Okawaru
Trog
Uskayaw
The Shining One

Annotations:
D:3 Grinder


Innate Abilities, Weirdness & Mutations

You are very small and have problems with some larger weapons.
You are too small for most types of armour.
You have supernaturally acute eyesight. (SInv)
You cover ground extremely quickly. (Speed+++)


Message History

The endoplasm freezes you.
You are frozen.
You hit the endoplasm but do no damage.
The endoplasm is severely wounded.
The endoplasm freezes you.
You are frozen.
You hit the endoplasm.
You kill the endoplasm!
A white imp is nearby!
The white imp gestures at you. The puff of frost hits you!
The white imp gestures at you. The puff of frost misses you.
You closely miss the white imp. The white imp gestures at you.
The puff of frost misses you.
You barely miss the white imp. The white imp hits you.
The white imp freezes you.
You are too injured to fight recklessly!
You are too injured to fight recklessly!
You are too injured to fight recklessly!
Casting: Ensorcelled Hibernation (safe; 12% risk of failure)
Confirm with . or Enter, or press ? or * to list all spells.
You can't see any susceptible monsters within range! (Use Z to cast anyway.)
Casting: Ensorcelled Hibernation (safe; 12% risk of failure)
Confirm with . or Enter, or press ? or * to list all spells.
The spell is quite dangerous to miscast (13% risk of failure)!
Continue anyway?
Uppercase [Y]es or [N]o only, please.
The spell is quite dangerous to miscast (13% risk of failure)!
Continue anyway?
Your hands begin to glow red.
The white imp gestures at you. The puff of frost hits you!
* * * LOW HITPOINT WARNING * * *
You hit the white imp but do no damage. You hit the white imp but do no damage.
The white imp appears confused.
You are too injured to fight recklessly!
The white imp hits you.
* * * LOW HITPOINT WARNING * * *
The white imp freezes you.
You die...

...........#
...........#
...........#
...........#
...........#
#..........#
#........$.#
#..........#
#.......@..#######+#####
#......5...............#
....................)..#
........####...........#
........# #...........##
.^......# #.............
....... ##..........†.
#####.# #............
#............


You could see a white imp (confused).

Vanquished Creatures
  A scorpion (D:4)
  2 hounds (D:4)
  Terence (D:3)
  Robin (D:3)
  4 adders
  An ufetubus (D:4)
  3 dart slugs
  5 ball pythons
  7 endoplasms
  A giant cockroach (D:1)
  14 goblins
  8 hobgoblins
  2 jackals (D:2)
  3 quokkas
  2 bats
  3 frilled lizards
  10 kobolds
  7 rats
75 creatures vanquished.

Notes
Turn   | Place    | Note
-------+----------+-------------------------------------------
     0 | D:1      | euginnn the Spriggan Enchanter began the quest for the Orb.
     0 | D:1      | Reached XP level 1. HP: 9/9 MP: 5/5
   127 | D:1      | Reached skill level 5 in Stealth
   172 | D:1      | Reached XP level 2. HP: 6/13 MP: 6/6
   793 | D:1      | Reached skill level 6 in Stealth
   803 | D:1      | Reached XP level 3. HP: 15/16 MP: 8/8
  1072 | D:2      | Learned a level 2 spell: Ensorcelled Hibernation
  1076 | D:2      | Learned a level 3 spell: Confusing Touch
  1961 | D:3      | Noticed a +0 dagger
  1962 | D:3      | Noticed a +0 hand axe
  1963 | D:3      | Found a hide-covered altar of Uskayaw.
  1969 | D:3      | Noticed Robin
  1990 | D:3      | Reached skill level 7 in Stealth
  2016 | D:3      | Killed Robin
  2017 | D:3      | Reached XP level 4. HP: 12/21 MP: 9/9
  2053 | D:3      | Found a hazy altar of Hepliaklqana.
  2205 | D:3      | Noticed Grinder
  2450 | D:3      | Noticed Terence
  2490 | D:3      | Killed Terence
  2544 | D:3      | Found a glowing golden altar of the Shining One.
  2737 | D:4      | Reached skill level 8 in Stealth
  2737 | D:4      | Reached XP level 5. HP: 16/25 MP: 3/10
  3065 | D:4      | Found a bloodstained altar of Trog.
  3065 | D:4      | Found a snail-covered altar of Cheibriados.
  3073 | D:4      | Found a faded altar of an unknown god.
  3076 | D:4      | Found an iron altar of Okawaru.
  3078 | D:4      | Found a white marble altar of Elyvilon.
  3132 | D:4      | Reached skill level 9 in Stealth
  3286 | D:4      | Reached XP level 6. HP: 29/29 MP: 11/11
  3423 | D:4      | Slain by a white imp

Illustrated notes

Levels and vault maps discovered:
D:1:      dpeg_arrival_tiny_j, layout_rooms, minmay_misc_feat_tower,
          grunt_decor_resistance, grunt_decor_mini_mirrors, minmay_pentomino_x4
D:2:      layout_basic, grunt_ministairs_7
D:3:      layout_rooms, nicolae_tso_carved_into_rock,
          mainiacjoe_overflow_alcove_2, dancing_weapons_uskayaw, uniq_terence,
          uniq_grinder, uniq_robin
D:4:      layout_basic, chequers_temple_overflow_minitemple,
          kennysheep_generic_room_2, uniq_ijyb

Skill      XL: |  1  2  3  4  5 |
---------------+----------------+-----
Stealth        | 5 6 7 8 9 |  9.1
Short Blades   | 2 |  2.9
Fighting       | |  0.3
Throwing       | |  0.4
Dodging        | |  2.6
Spellcasting   | |  2.9
Hexes          | |  3.6
Ice Magic      | |  0.6

Action                     |  1- 3 |  4- 6 || total
---------------------------+-------+-------++-------
  Melee: Dagger            |   137 |    81 ||   218
         Punch             |     2 |     1 ||     3
  Throw: Boomerang         |     9 |       ||     9
   Cast: Ensorcelled Hiber |       |    13 ||    13
         Confusing Touch   |       |     1 ||     1
    Use: Scroll            |     2 |     2 ||     4
         Potion            |     1 |       ||     1
   Stab: Sleeping          |    13 |     8 ||    21
 Armour: Robe              |    12 |     5 ||    17
  Dodge: Dodged            |    79 |    96 ||   175
